PR
GIBTOWN ELEPHANTS @ MEMPHIS MUSIC
07/27/2032
 
TOP OF THE 1ST
Gibtown Elephants batting - Pitching for Memphis Music : RHP Branlyn Jaraba
Pitching: RHP Branlyn Jaraba
Batting: LHB Bruce Webster 0-0: Called Strike
0-1: Ground out 5-3 (Groundball, 56)
Batting: LHB Kevin McIndeor 0-0: Ball
1-0: Called Strike
1-1: Fly out, F8 (Flyball, 89D)
Batting: RHB Tae-wan Park 0-0: Ground out 5-3 (Groundball, 5L)
Top of the 1st over - 0 runs, 0 hits, 0 errors, 0 left on base; Gibtown 0 - Memphis 0
BOTTOM OF THE 1ST
Memphis Music batting - Pitching for Gibtown Elephants : RHP Mario Sánchez
Pitching: RHP Mario Sánchez
Batting: RHB Mei Kim 0-0: Ball
1-0: Called Strike
1-1: Called Strike
1-2: Ball
2-2: Foul Ball, location: 2F
2-2: Ball
3-2: Fly out, F8 (Flyball, 8RM)
Batting: SHB Louie Vipont 0-0: Swinging Strike
0-1: Foul Ball, location: 2F
0-2: Ground out U3 (Groundball, 3)
Batting: RHB Jeremy Migliorati 0-0: Ball
1-0: Ground out 6-3 (Groundball, 6)
Bottom of the 1st over - 0 runs, 0 hits, 0 errors, 0 left on base; Gibtown 0 - Memphis 0
TOP OF THE 2ND
Gibtown Elephants batting - Pitching for Memphis Music : RHP Branlyn Jaraba
Batting: RHB Tae-gyoon Ch'oe 0-0: Called Strike
0-1: Foul Ball, location: 2F
0-2: Ball
1-2: Strikes out swinging
Batting: SHB Daniel Brewer 0-0: Ground out U3 (Groundball, 3)
Batting: LHB Ramón Fernández 0-0: Ball
1-0: Swinging Strike
1-1: SINGLE (Groundball, 6MD)
Batting: SHB Wren Driscoll 0-0: Ball
1-0: Swinging Strike
1-1: Ball
2-1: Foul Ball, location: 2F
2-2: Strikes out swinging
Top of the 2nd over - 0 runs, 1 hit, 0 errors, 1 left on base; Gibtown 0 - Memphis 0
BOTTOM OF THE 2ND
Memphis Music batting - Pitching for Gibtown Elephants : RHP Mario Sánchez
Batting: RHB Telman Gadzhiyev 0-0: Ground out 4-3 (Groundball, 6M)
Batting: RHB Ben Bowers 0-0: Ball
1-0: Ball
2-0: Ball
3-0: Called Strike
3-1: Swinging Strike
3-2: Fly out, F9 (Line Drive, 9)
Batting: RHB Bob Williams 0-0: Called Strike
0-1: Ball
1-1: Ball
2-1: Foul Ball, location: 2F
2-2: Foul Ball, location: 2F
2-2: Strikes out swinging
Bottom of the 2nd over - 0 runs, 0 hits, 0 errors, 0 left on base; Gibtown 0 - Memphis 0
TOP OF THE 3RD
Gibtown Elephants batting - Pitching for Memphis Music : RHP Branlyn Jaraba
Batting: RHB Troy Flynn 0-0: Called Strike
0-1: Ball
1-1: Foul Ball, location: 2F
1-2: Ball
2-2: Ball
3-2: Strikes out swinging
Batting: RHB Luis Romero 0-0: Foul Ball, location: 2F
0-1: Swinging Strike
0-2: Foul Ball, location: 2F
0-2: Strikes out looking
Batting: LHB Bruce Webster 0-0: Foul Ball, location: 2F
0-1: Ball
1-1: Foul Ball, location: 2F
1-2: SINGLE (Line Drive, 9S)
Batting: LHB Kevin McIndeor 0-0: DOUBLE (Line Drive, 89D)
Bruce Webster to third
Batting: RHB Tae-wan Park 0-0: Ball
1-0: Ball
2-0: Swinging Strike
2-1: DOUBLE (Line Drive, 7LD)
Bruce Webster scores
Kevin McIndeor scores
Batting: RHB Tae-gyoon Ch'oe 0-0: Ball
1-0: Foul Ball, location: 2F
1-1: Ball
2-1: Ground out 4-3 (Groundball, 4)
Top of the 3rd over - 2 runs, 3 hits, 0 errors, 1 left on base; Gibtown 2 - Memphis 0
BOTTOM OF THE 3RD
Memphis Music batting - Pitching for Gibtown Elephants : RHP Mario Sánchez
Batting: RHB Manny Valentín 0-0: Ball
1-0: Fly out, F6 (Line Drive, 6)
Batting: RHB Clint Morgan 0-0: Swinging Strike
0-1: Called Strike
0-2: Ground out 5-3 (Groundball, 56S)
Batting: RHB Augusto Lucero 0-0: Ball
1-0: Foul Ball, location: 2F
1-1: Foul Ball, location: 2F
1-2: Strikes out swinging
Bottom of the 3rd over - 0 runs, 0 hits, 0 errors, 0 left on base; Gibtown 2 - Memphis 0
TOP OF THE 4TH
Gibtown Elephants batting - Pitching for Memphis Music : RHP Branlyn Jaraba
Batting: SHB Daniel Brewer 0-0: Foul Ball, location: 2F
0-1: Ground out 2-3 (Groundball, 2L)
Batting: LHB Ramón Fernández 0-0: Foul Ball, location: 2F
0-1: Ball
1-1: Foul Ball, location: 2F
1-2: Strikes out swinging
Batting: SHB Wren Driscoll 0-0: Ball
1-0: Called Strike
1-1: Ball
2-1: Ground out 3-1 (Groundball, 34S)
Top of the 4th over - 0 runs, 0 hits, 0 errors, 0 left on base; Gibtown 2 - Memphis 0
BOTTOM OF THE 4TH
Memphis Music batting - Pitching for Gibtown Elephants : RHP Mario Sánchez
Batting: RHB Mei Kim 0-0: DOUBLE (Line Drive, 9D)
Batting: SHB Louie Vipont 0-0: Ball
1-0: Ground out 1-3 (Groundball, 15S)
Batting: RHB Jeremy Migliorati 0-0: Foul Ball, location: 2F
0-1: Swinging Strike
0-2: Ball
1-2: Foul Ball, location: 2F
1-2: SINGLE (Line Drive, 78S)
Mei Kim to third
Batting: RHB Telman Gadzhiyev 0-0: Swinging Strike
0-1: Called Strike
0-2: Ball
1-2: Ball
2-2: Foul Ball, location: 2F
2-2: Hit by Pitch
Jeremy Migliorati to second
Batting: RHB Ben Bowers 0-0: Called Strike
0-1: Ball
1-1: Foul Ball, location: 2F
1-2: Foul Ball, location: 2F
1-2: Ball
2-2: Ball
3-2: SINGLE (Line Drive, 8LS)
Mei Kim scores
Jeremy Migliorati to third
Telman Gadzhiyev to second
Runner from 3rd tries for Home, SAFE, no throw
Batting: RHB Bob Williams 0-0: Ball
1-0: Ball
2-0: Ball
Wild Pitch!
Telman Gadzhiyev to third
Ben Bowers to second
3-0: Called Strike
3-1: Swinging Strike
3-2: Base on Balls
Batting: RHB Manny Valentín 0-0: Ball
1-0: SINGLE (Groundball, 56S) (infield hit)
Telman Gadzhiyev scores
Ben Bowers to third
Bob Williams to second
Batting: RHB Clint Morgan 0-0: Ball
1-0: Swinging Strike
1-1: Called Strike
1-2: Ball
2-2: Strikes out swinging
Batting: RHB Augusto Lucero 0-0: Ball
1-0: Called Strike
1-1: Ball
2-1: Called Strike
2-2: Foul Ball, location: 2F
2-2: Fielders Choice at 2nd, 6-4 (Groundball, 6)
Bottom of the 4th over - 3 runs, 4 hits, 0 errors, 3 left on base; Gibtown 2 - Memphis 3
TOP OF THE 5TH
Gibtown Elephants batting - Pitching for Memphis Music : RHP Branlyn Jaraba
Batting: RHB Troy Flynn 0-0: Swinging Strike
0-1: Called Strike
0-2: Strikes out swinging
Batting: RHB Luis Romero 0-0: Foul Ball, location: 2F
0-1: Hit by Pitch
Batting: LHB Bruce Webster 0-0: Ball
1-0: Ball
2-0: Ball
3-0: Base on Balls
Luis Romero to second
Batting: LHB Kevin McIndeor 0-0: Ball
1-0: Called Strike
1-1: Foul Ball, location: 2F
1-2: Fly out, F6 (Popup, 6MS)
Batting: RHB Tae-wan Park 0-0: Called Strike
0-1: Swinging Strike
0-2: Ball
1-2: Strikes out swinging
Top of the 5th over - 0 runs, 0 hits, 0 errors, 2 left on base; Gibtown 2 - Memphis 3
BOTTOM OF THE 5TH
Memphis Music batting - Pitching for Gibtown Elephants : RHP Mario Sánchez
Batting: RHB Mei Kim 0-0: Called Strike
0-1: Ball
1-1: Swinging Strike
1-2: Ball
2-2: Ground out 6-3 (Groundball, 6)
Batting: SHB Louie Vipont 0-0: Ball
1-0: Ball
2-0: Ball
3-0: Called Strike
3-1: Base on Balls
Batting: RHB Jeremy Migliorati 0-0: Called Strike
0-1: Swinging Strike
0-2: Strikes out looking
Batting: RHB Telman Gadzhiyev 0-0: Foul Ball, location: 2F
0-1: Foul Ball, location: 2F
0-2: Strikes out swinging
Bottom of the 5th over - 0 runs, 0 hits, 0 errors, 1 left on base; Gibtown 2 - Memphis 3
TOP OF THE 6TH
Gibtown Elephants batting - Pitching for Memphis Music : RHP Branlyn Jaraba
Batting: RHB Tae-gyoon Ch'oe 0-0: Swinging Strike
0-1: Ball
1-1: Called Strike
1-2: Strikes out looking
Batting: SHB Daniel Brewer 0-0: Swinging Strike
0-1: Ball
1-1: Swinging Strike
1-2: Foul Ball, location: 2F
1-2: Fly out, F8 (Flyball, 8RD)
Batting: LHB Ramón Fernández 0-0: Called Strike
0-1: Ball
1-1: Ball
2-1: Reached via error on a dropped throw, E3
Batting: SHB Wren Driscoll 0-0: Foul Ball, location: 2F
0-1: Foul Ball, location: 2F
0-2: Fly out, F8 (Flyball, 8LD)
Top of the 6th over - 0 runs, 0 hits, 1 error, 1 left on base; Gibtown 2 - Memphis 3
BOTTOM OF THE 6TH
Memphis Music batting - Pitching for Gibtown Elephants : RHP Mario Sánchez
Batting: RHB Ben Bowers 0-0: Ball
1-0: Ball
2-0: Ball
3-0: Base on Balls
Pitching: LHP Stewart Cartwright
Batting: RHB Bob Williams 0-0: Called Strike
0-1: Foul Ball, location: 2F
0-2: Foul Ball, location: 2F
0-2: Ball
1-2: Ball
2-2: Ball
3-2: Ground out 5-3 (Groundball, 56S)
Ben Bowers to second
Batting: RHB Manny Valentín 0-0: Swinging Strike
0-1: Foul Ball, location: 2F
0-2: Ground out 6-3 (Groundball, 56)
Batting: RHB Clint Morgan 0-0: Ball
1-0: DOUBLE (Line Drive, 9LM)
Ben Bowers scores
Pitching: RHP Said Akimi
Batting: RHB Augusto Lucero 0-0: Called Strike
0-1: Swinging Strike
0-2: Ball
1-2: Ball
2-2: Strikes out swinging
Bottom of the 6th over - 1 run, 1 hit, 0 errors, 1 left on base; Gibtown 2 - Memphis 4
TOP OF THE 7TH
Gibtown Elephants batting - Pitching for Memphis Music : RHP Branlyn Jaraba
Batting: RHB Troy Flynn 0-0: Foul Ball, location: 2F
0-1: Fly out, F3 (Popup, 3SF)
Batting: RHB Luis Romero 0-0: Called Strike
0-1: Called Strike
0-2: Reached on error, E5 (Groundball, 5L)
Batting: LHB Bruce Webster 0-0: Foul Ball, location: 2F
0-1: Called Strike
0-2: Ball
1-2: Ball
2-2: Ball
3-2: Fielders Choice at 2nd, 6-4 (Groundball, 6M)
Batting: LHB Kevin McIndeor 0-0: Foul Ball, location: 2F
0-1: Ball
1-1: Ball
2-1: Foul Ball, location: 2F
2-2: SINGLE (Line Drive, 7LS)
Bruce Webster to second
Batting: RHB Tae-wan Park 0-0: Ball
1-0: Called Strike
1-1: Ground out 4-3 (Groundball, 4)
Top of the 7th over - 0 runs, 1 hit, 1 error, 2 left on base; Gibtown 2 - Memphis 4
BOTTOM OF THE 7TH
Memphis Music batting - Pitching for Gibtown Elephants : RHP Said Akimi
Batting: RHB Mei Kim 0-0: Foul Ball, location: 2F
0-1: Foul Ball, location: 2F
0-2: Ball
1-2: Ball
2-2: Ball
3-2: Fly out, F9 (Flyball, 9S)
Batting: SHB Louie Vipont 0-0: Ball
1-0: Ground out U3 (Groundball, 34)
Batting: RHB Jeremy Migliorati 0-0: Ball
1-0: DOUBLE (Groundball, 5L)
Batting: RHB Telman Gadzhiyev 0-0: Called Strike
0-1: Called Strike
0-2: Ball
1-2: Ball
2-2: Ball
3-2: 2-RUN HOME RUN (Flyball, 78XD), Distance : 455 ft
Pitching: RHP Vadim Rajnev
Batting: RHB Ben Bowers 0-0: Called Strike
0-1: DOUBLE (Flyball, 78D)
Batting: RHB Bob Williams 0-0: Called Strike
0-1: Fly out, F9 (Flyball, 9S)
Bottom of the 7th over - 2 runs, 3 hits, 0 errors, 1 left on base; Gibtown 2 - Memphis 6
TOP OF THE 8TH
Gibtown Elephants batting - Pitching for Memphis Music : RHP Branlyn Jaraba
Batting: RHB Tae-gyoon Ch'oe 0-0: Called Strike
0-1: Ball
1-1: Foul Ball, location: 2F
1-2: Strikes out swinging, 2-3 out at first.
Batting: SHB Daniel Brewer 0-0: Called Strike
0-1: Swinging Strike
0-2: Ball
1-2: Strikes out swinging
Batting: LHB Ramón Fernández 0-0: Ground out 4-3 (Groundball, 4)
Top of the 8th over - 0 runs, 0 hits, 0 errors, 0 left on base; Gibtown 2 - Memphis 6
BOTTOM OF THE 8TH
Memphis Music batting - Pitching for Gibtown Elephants : RHP Vadim Rajnev
Batting: RHB Manny Valentín 0-0: Ball
1-0: Ball
2-0: Called Strike
2-1: Foul Ball, location: 2F
2-2: Fly out, F8 (Flyball, 8RXD)
Batting: RHB Clint Morgan 0-0: Ball
1-0: Called Strike
1-1: Ball
2-1: Ground out 6-3 (Groundball, 6)
Batting: RHB Augusto Lucero 0-0: Ball
1-0: Ball
2-0: Called Strike
2-1: Ball
3-1: Fly out, F7 (Line Drive, 7)
Bottom of the 8th over - 0 runs, 0 hits, 0 errors, 0 left on base; Gibtown 2 - Memphis 6
TOP OF THE 9TH
Gibtown Elephants batting - Pitching for Memphis Music : RHP Branlyn Jaraba
Batting: SHB Wren Driscoll 0-0: Reached via error on a dropped throw, E3
Pitching: LHP Ángel Martínez
Batting: RHB Troy Flynn 0-0: Foul Ball, location: 2F
0-1: Swinging Strike
0-2: Foul Ball, location: 2F
0-2: Ball
1-2: SINGLE (Line Drive, 34)
Wren Driscoll to second
Batting: RHB Luis Romero 0-0: Ball
1-0: Swinging Strike
1-1: Foul Ball, location: 2F
1-2: Strikes out swinging
Batting: LHB Bruce Webster 0-0: Ball
1-0: Swinging Strike
1-1: Ball
2-1: Called Strike
2-2: Strikes out swinging
Batting: LHB Kevin McIndeor 0-0: Called Strike
0-1: Ball
1-1: Called Strike
1-2: SINGLE (Line Drive, 6D)
Wren Driscoll to third
Troy Flynn to second
Batting: RHB Tae-wan Park 0-0: SINGLE (Groundball, 34D)
Wren Driscoll scores
Troy Flynn to third
Kevin McIndeor to second
Batting: RHB Tae-gyoon Ch'oe 0-0: Foul Ball, location: 2F
0-1: Foul Ball, location: 2F
0-2: Ball
1-2: Foul Ball, location: 2F
1-2: Ball
2-2: Ball
3-2: Foul Ball, location: 2F
3-2: Foul Ball, location: 2F
3-2: Ground out 1-3 (Groundball, 15S)
Top of the 9th over - 1 run, 3 hits, 1 error, 3 left on base; Gibtown 3 - Memphis 6
Wednesday, September 19th, 2018 - OOTP Baseball 18.8 Build 76